[Event "Czech Championship Women 2022"]
[Site "Jaromerice nad Rokytnou"]
[Date "2022.05.26"]
[Round "6.3"]
[White "Sikorova, Olga"]
[Black "Zelbova, Lada"]
[Result "1-0"]
[ECO "A12"]
[WhiteElo "2173"]
[BlackElo "1967"]
[Annotator "TA"]
[PlyCount "101"]
[EventDate "2022.05.24"]
[EventType "tourn"]
[EventCountry "CZE"]
[SourceTitle "playchess.com"]
[Source "ChessBase"]
[SourceQuality "1"]
[TimeControl "40/5400+30:1800+30"]

1. c4 c6 2. Nf3 d5 3. g3 Nf6 4. b3 Bf5 5. Bg2 e6 6. O-O Be7 7. d3 h6 8. Bb2 Nbd7 9. Nbd2 O-O 10. a3 a5 11. Ra2 Qc7 {[%emt 0:03:55] A12: English Opening: 1...c6 with b3 by White.} 12. Qa1 {[%emt 0:00:28] [#]} c5 $146 ({Predecessor:} 12... Rfe8 13. Rc1 Bh7 14. Ne5 Nxe5 15. Bxe5 Qd7 16. Nf3 Bg6 17. Bd4 Qd8 18. c5 Bh5 19. h3 Bxf3 20. Bxf3 {1-0 (48) Tabatabaei,M (2613)-Wong,Y (2381) Chess.com INT 2021}) 13. cxd5 exd5 {[%emt 0:01:20] The position is equal.} 14. e4 dxe4 (14... Be6 $11) 15. dxe4 $14 Be6 16. a4 Rfd8 17. Nc4 Bf8 18. Nfd2 Nb8 ({Black should play} 18... Nb6) 19. Be5 $16 ({Resist} 19. Bxf6 $6 gxf6 20. Ne3 (20. Qxf6 Nc6 $14) 20... Nc6 $14) 19... Qe7 20. Bxf6 {[%emt 0:07:05] White is more active.} (20. Nb6 $16 Ra7 21. Nd5 Nxd5 22. exd5) 20... gxf6 {[%emt 0:00:27] [#]} (20... Qxf6 $14 21. e5 Qe7) 21. Nb6 $1 $36 {[%emt 0:01:04][%mdl 2048] White is on the roll. Pair of Knights!} Ra6 22. Nd5 Bxd5 23. exd5 Rad6 (23... Qe5 $142 24. Qb1 f5) 24. Re1 $18 Qc7 25. Ne4 Nd7 26. Nxd6 Bxd6 27. Qc1 Kg7 28. f4 {[%emt 0:02:14] Prevents Ne5.} Qb6 29. Qc4 Qb4 30. Rc1 Re8 {[%emt 0:04:02] [#]} 31. Kf2 $1 Nb6 32. Qxb4 cxb4 33. Rac2 {[%emt 0:08:49] Inhibits Nc8.} Rd8 34. Be4 Re8 35. Kf3 Rd8 36. g4 Re8 37. h4 Rd8 38. h5 Re8 {[%emt 0:00:29] [#]} 39. Rc7 $1 Bxc7 (39... Rb8 40. R7c2) 40. Rxc7 {[%emt 0:00:01][%mdl 4096] Endgame KRB-KRN} f5 41. gxf5 Rd8 42. Rxb7 Nxd5 43. Bd3 {[%emt 0:00:00] aiming for Bc4.} Nxf4 44. Bc4 ({Weaker is} 44. Kxf4 Rxd3 45. Rb5 Rxb3 $11) 44... Nd5 45. Rb5 Nf6 46. Rxa5 {[%emt 0:00:00] Threatens to win with Ra7.} Nxh5 $2 (46... Rd7 47. Rb5 Nxh5 48. Rxb4 Ra7) 47. Ra7 Rf8 48. a5 {[%emt 0:00:00] White mates.} Kf6 {[%emt 0:01:20] [#]} 49. Rxf7+ $1 Rxf7 50. Bxf7 Ng7 51. Bg6 {[%emt 0:00:00] Weighted Error Value: White=0.07 (flawless) /Black=0.49} 1-0

[Event "Czech Championship Women 2022"]
[Site "Jaromerice nad Rokytnou"]
[Date "2022.05.26"]
[Round "6.4"]
[White "Novosadova, Kristyna"]
[Black "Richterova, Natasa"]
[Result "1/2-1/2"]
[ECO "B10"]
[WhiteElo "2147"]
[BlackElo "2181"]
[Annotator "TA"]
[PlyCount "133"]
[EventDate "2022.05.24"]
[EventType "tourn"]
[EventCountry "CZE"]
[SourceTitle "playchess.com"]
[Source "ChessBase"]
[SourceQuality "1"]
[TimeControl "40/5400+30:1800+30"]

1. e4 c6 2. Nf3 d5 3. d3 dxe4 4. dxe4 Qxd1+ 5. Kxd1 Bg4 6. Be2 {[%emt 0:00:08] B10: Caro-Kann: 2 d3 and 2 c4.} Nd7 7. Ne1 Bxe2+ 8. Kxe2 e5 9. Nd3 Nc5 {[%emt 0:06:08] [#]} 10. Be3 $146 ({Predecessor:} 10. Nd2 Nf6 11. Nxc5 Bxc5 12. f3 Nd7 13. a4 a5 14. Nc4 Ke7 15. Rd1 f6 16. Bd2 {½-½ (44) Goganov,A (2582)-Shakirov,M (2139) St Petersburg 2022}) 10... Nxe4 11. Kf3 Ngf6 12. Nxe5 Bc5 (12... Bd6 {seems wilder.} 13. Nd3 O-O-O 14. Nd2 Rhe8) 13. Bxc5 Nxc5 14. Re1 {[%emt 0:00:52] [#] Threatens to win with Ng6+.} O-O 15. Na3 Rad8 16. Rad1 Rfe8 17. Rxd8 Rxd8 18. Nac4 Ne6 19. c3 {[%emt 0:06:06] Inhibits Nd4+.} Rd5 20. g3 g6 21. Re2 Nd7 22. Nxd7 Rxd7 23. Rd2 Rxd2 24. Nxd2 $11 {[%emt 0:00:06][%mdl 4096] Endgame KN-KN} Kf8 25. Ke4 Ke7 26. f4 Nc5+ 27. Kd4 Ne6+ 28. Ke5 f6+ 29. Ke4 Nc5+ 30. Kd4 $1 Ne6+ 31. Kc4 Nc7 32. a4 Ke6 33. Nb3 {[%emt 0:04:42] Nc5+ is the strong threat.} b6 {[%emt 0:00:53] Inhibits Nc5+.} 34. Nd4+ Kd6 35. b4 Nd5 36. b5 c5 37. Nc2 {[%emt 0:01:59] Prevents Ne3+.} g5 38. fxg5 fxg5 39. Kd3 $1 Ke5 40. Na3 (40. Ne3 $11) 40... Kf5 $15 {[%emt 0:08:21] White must now prevent ...h5.} 41. h3 h5 ({Black should play} 41... g4 $17 42. h4 Nf6) 42. Nc4 $11 Ke6 43. a5 h4 44. gxh4 gxh4 45. axb6 axb6 46. Nd2 Nf4+ 47. Kc4 Ng6 {[%emt 0:00:00] [#] aiming for ...Ne5+.} (47... Nxh3 $5 48. Nf3 Nf2 49. Nxh4 Ne4 $11) 48. Ne4 (48. Kd3 $1 $11) 48... Ne5+ $17 49. Kb3 Kd5 (49... Kf5 $17 50. Nd6+ Kf4) 50. Ng5 c4+ 51. Ka4 Nd3 52. Nf3 Kc5 53. Nxh4 Nb2+ 54. Ka3 Nd1 {[%emt 0:00:00] The position is equal.} 55. Nf5 Nxc3 56. Kb2 Nxb5 {[%emt 0:00:00] Threatening ...Nd4.} 57. h4 {[%emt 0:00:06] And now h5 would win.} Nd6 58. Ne3 Kd4 59. Nc2+ Kd3 60. h5 Nf5 61. Ne1+ Kd4 62. Nc2+ Kc5 63. Kc3 b5 64. Nb4 Nh6 65. Na6+ Kb6 66. Nb4 Kc5 67. Na6+ {[%emt 0:00:05] Weighted Error Value: White=0.07 (flawless) /Black=0.09 (flawless)} 1/2-1/2

[Event "Czech Championship Women 2022"]
[Site "Jaromerice nad Rokytnou"]
[Date "2022.05.26"]
[Round "6.5"]
[White "Koubova, Anna Marie"]
[Black "Trasakova, Adela"]
[Result "1-0"]
[ECO "D46"]
[WhiteElo "2115"]
[BlackElo "1842"]
[Annotator "TA"]
[PlyCount "55"]
[EventDate "2022.05.24"]
[EventType "tourn"]
[EventCountry "CZE"]
[SourceTitle "playchess.com"]
[Source "ChessBase"]
[SourceQuality "1"]
[TimeControl "40/5400+30:1800+30"]

1. d4 d5 2. Nf3 Nf6 3. c4 c6 4. Nbd2 e6 5. e3 Nbd7 6. Bd3 Bd6 7. O-O O-O 8. e4 dxe4 9. Nxe4 Nxe4 10. Bxe4 c5 11. b3 {[%emt 0:12:35] D46: Semi-Slav: 5 e3 Nbd7 6 Bd3, Black avoids the Meran.} cxd4 12. Qxd4 {[%emt 0:02:57] [#]} Qf6 $146 {[%emt 0:10:28] [#]} (12... Qe7 $14) ({Predecessor:} 12... Bc5 13. Qc3 Qf6 14. Bb2 Qxc3 15. Bxc3 Nf6 16. Bc2 b6 17. Ng5 Be7 18. Rad1 Rd8 19. Bxf6 gxf6 20. Bxh7+ {½-½ (47) Waldmann,H (2280)-Rehberg,R (2244) Germany 2019}) 13. Bb2 $2 (13. Qxd6 $1 $18 Qxa1 14. Qa3) 13... Qxd4 $14 14. Nxd4 Nc5 15. Bf3 a6 16. Rad1 {[%emt 0:04:46][%cal Od4c6] Threatens to win with Nc6!} Rd8 17. Ba3 ({Better is} 17. Nc2 $16) 17... Ne4 $2 18. Ne2 ({Weaker is} 18. Bxe4 Bxa3 19. g3 Be7 $11) 18... Nd2 19. Rxd2 Bxh2+ 20. Kxh2 {[%emt 0:00:06][%cal Rd2d8] [#]} Rxd2 21. Nc3 Rb8 (21... Rd3 {was worth a try.} 22. Be4 Rxc3) 22. Bc1 $18 {[%emt 0:01:53] A strong pair of Bishops.} Rd3 23. Bf4 Ra8 24. Na4 {[%emt 0:00:48] And now Nb6 would win.} Bd7 25. Nc5 (25. Bxb7 $142 Rf8 26. Nc5) 25... Rd4 $2 (25... Rxf3 26. gxf3 Bc6) 26. Be3 {[%emt 0:00:23] White is clearly winning.} Rd6 27. Nxb7 Rd3 28. Nc5 {[%emt 0:00:26][%csl LRa8,LRd3] Weighted Error Value: White=0.33/Black=0.72} 1-0

[Event "Czech Championship Women 2022"]
[Site "Jaromerice nad Rokytnou"]
[Date "2022.05.27"]
[Round "7.1"]
[White "Trasakova, Adela"]
[Black "Pilsova, Karolina"]
[Result "0-1"]
[ECO "A46"]
[WhiteElo "1842"]
[BlackElo "2229"]
[Annotator "TA"]
[PlyCount "52"]
[EventDate "2022.05.24"]
[EventType "tourn"]
[EventCountry "CZE"]
[SourceTitle "playchess.com"]
[Source "ChessBase"]
[SourceQuality "1"]
[TimeControl "40/5400+30:1800+30"]

1. d4 Nf6 2. Nf3 e6 3. g3 b5 4. Bg2 Bb7 5. O-O c5 6. Bg5 Be7 {[%emt 0:02:18] A46: 1 d4 Nf6 2 Nf3 e6: Torre, London and Colle Systems.} 7. a4 b4 {[%emt 0:01:42] [#]} 8. c4 $146 ({Predecessor:} 8. Bxf6 Bxf6 9. c3 bxc3 10. Nxc3 cxd4 11. Nxd4 Bxg2 12. Kxg2 O-O 13. e4 Qb6 14. Ndb5 a6 {1-0 (32) Ronka,E (2321)-Acsinte,M (2235) Chess.com INT 2021}) 8... bxc3 {[%emt 0:05:35] The position is equal.} 9. Nxc3 O-O 10. Rc1 Na6 11. Nb5 d5 12. Ne5 h6 13. Be3 Nd7 14. Nxd7 Qxd7 15. dxc5 Rfc8 16. Qd2 (16. Nd6 $14 {is more appropriate.}) 16... Nxc5 $11 17. Bxc5 Bxc5 18. Rc2 a6 19. Nc3 Bb4 20. Rfc1 {[%emt 0:01:37] [#]} Rc7 ({Black should play} 20... Qxa4 $1 $17 21. Qd3 Bxc3 22. Rxc3 Rxc3 23. Qxc3 Rc8) 21. Qf4 Rc4 22. Qf3 Rac8 23. b3 $2 {[%emt 0:01:56][%mdl 8192] White does not recover from this.} (23. Qd3 $17) 23... R4c5 24. Qd3 Qc7 25. Nxd5 exd5 ({But not} 25... Bxd5 $2 26. Rxc5 Bxc5 27. Bxd5 Bxf2+ 28. Kxf2 $19) 26. Rxc5 Bxc5 {[%emt 0:00:02] Weighted Error Value: White=0.44/Black=0.11 (very precise)} 0-1

[Event "Czech Championship Women 2022"]
[Site "Jaromerice nad Rokytnou"]
[Date "2022.05.27"]
[Round "7.2"]
[White "Richterova, Natasa"]
[Black "Koubova, Anna Marie"]
[Result "1-0"]
[ECO "D35"]
[WhiteElo "2181"]
[BlackElo "2115"]
[Annotator "TA"]
[PlyCount "45"]
[EventDate "2022.05.24"]
[EventType "tourn"]
[EventCountry "CZE"]
[SourceTitle "playchess.com"]
[Source "ChessBase"]
[SourceQuality "1"]
[TimeControl "40/5400+30:1800+30"]

1. d4 d5 2. Nf3 Nf6 3. c4 e6 4. Nc3 Be7 5. e3 O-O 6. cxd5 exd5 7. Bd3 Bg4 {[%emt 0:06:40] D35: Queen's Gambit Declined: Exchange Variation.} 8. Qb3 Bxf3 {[%emt 0:15:49] [#]} 9. gxf3 $146 ({Predecessor:} 9. Qxb7 Bxg2 10. Rg1 Nbd7 11. Rxg2 c5 12. Nxd5 cxd4 13. Nxe7+ Qxe7 14. Kf1 Qd6 15. exd4 Qxd4 {0-1 (23) Untermann,N (1858)-Wiegner,D (2178) Bayern 2014}) 9... Nc6 (9... Na6 $15) 10. Bd2 $11 Nb4 11. Be2 b6 12. a3 Nc6 13. Rc1 Na5 14. Qa4 $36 {[%emt 0:00:12][%mdl 2048] White is pushing.} Nb7 15. Ba6 Qb8 {[%emt 0:08:26] [#]} ({Better is} 15... Rb8 $14) 16. Nxd5 $1 $16 {[%emt 0:07:12][%mdl 512] White is more active.} Nxd5 17. Qc6 $1 Na5 (17... Rd8 {keeps fighting.}) 18. Qxd5 $18 Rd8 19. Qe4 Re8 20. Qc2 {[%emt 0:05:17] Against Nb3} Bf6 21. Bd3 {[%emt 0:15:44] This bishop pair is nice.} ({Weaker is} 21. Qxc7 Nb3 $14) 21... g6 22. Be4 c6 23. b4 {[%emt 0:00:22] Weighted Error Value: White=0.01 (flawless) /Black=0.43} 1-0

[Event "Czech Championship Women 2022"]
[Site "Jaromerice nad Rokytnou"]
[Date "2022.05.27"]
[Round "7.3"]
[White "Zelbova, Lada"]
[Black "Novosadova, Kristyna"]
[Result "0-1"]
[ECO "C77"]
[WhiteElo "1967"]
[BlackElo "2147"]
[Annotator "TA"]
[PlyCount "104"]
[EventDate "2022.05.24"]
[EventType "tourn"]
[EventCountry "CZE"]
[SourceTitle "playchess.com"]
[Source "ChessBase"]
[SourceQuality "1"]
[TimeControl "40/5400+30:1800+30"]

1. e4 e5 2. Nf3 Nc6 3. Bb5 a6 4. Ba4 Nf6 5. Bxc6 dxc6 6. d3 Qe7 {[%emt 0:04:11] C77: Ruy Lopez: 3...a6 4 Ba4 Nf6, unusual lines.} 7. Nbd2 Bg4 8. Nc4 Nd7 {[%emt 0:00:18] The position is equal.} 9. h3 Bh5 {[%emt 0:00:21] [#]} 10. Ne3 $146 ({Predecessor:} 10. g4 Bg6 11. Bd2 f6 12. Qe2 Qe6 13. b3 Nb6 14. Na5 O-O-O 15. O-O-O Ba3+ 16. Kb1 {0-1 (36) Kupreichik,V-Vasiukov,E Moscow 1969}) 10... f6 11. Nf5 Qe6 12. Be3 c5 13. g4 Bf7 14. Nd2 O-O-O 15. f3 Nb8 16. Ke2 (16. Ng3 $142) 16... g6 $17 17. Ng3 Nc6 18. c3 Be7 19. Qc2 Rd7 20. Rhd1 Rhd8 21. Nc4 h5 22. Bf2 hxg4 23. hxg4 Bf8 24. Ne3 Ne7 (24... Bh6 $19 25. b3 b6) 25. Qa4 Bh6 26. Qc4 Qxc4 (26... Qb6 {with more complications.} 27. Qxf7 Qxb2+ 28. Kf1 Bxe3 29. Bxe3 Nd5) 27. dxc4 Bxe3 28. Bxe3 Bxc4+ 29. Ke1 Rxd1+ 30. Rxd1 Rxd1+ 31. Kxd1 Bxa2 32. Bxc5 {[%emt 0:00:20][%mdl 4096] Endgame KBN-KBN} Nc6 33. Nf1 b6 34. Ba3 Kd7 35. Ne3 Bb3+ 36. Kd2 Be6 37. Kd3 Na7 38. g5 f5 39. Nc4 $2 {[%emt 0:02:33] White does not recover from this.} (39. Bf8 $17) 39... Bxc4+ $19 40. Kxc4 {[%emt 0:00:07] KB-KN} Ke6 41. b4 $2 (41. Bf8) 41... f4 42. Kd3 Nb5 43. Bb2 Nd6 44. c4 Nf7 45. Ke2 Nxg5 {[%emt 0:00:45] [#] And now ...c5 would win.} 46. Ba3 c6 47. Bb2 c5 48. bxc5 bxc5 49. Bc3 Kd6 50. Kf2 Ne6 51. Kg2 Nd4 {[%emt 0:00:51] [#] ( -> ...Nb3)} 52. Kf2 Nc6 {[%emt 0:00:24] Weighted Error Value: White=0.73/Black=0.08 (flawless)} 0-1

[Event "Czech Championship Women 2022"]
[Site "Jaromerice nad Rokytnou"]
[Date "2022.05.27"]
[Round "7.4"]
[White "Nemcova, Karin"]
[Black "Sikorova, Olga"]
[Result "1-0"]
[ECO "C15"]
[WhiteElo "2181"]
[BlackElo "2173"]
[Annotator "TA"]
[PlyCount "72"]
[EventDate "2022.05.24"]
[EventType "tourn"]
[EventCountry "CZE"]
[SourceTitle "playchess.com"]
[Source "ChessBase"]
[SourceQuality "1"]
[TimeControl "40/5400+30:1800+30"]

1. e4 e6 2. d4 d5 3. Nc3 Bb4 4. Nge2 dxe4 5. a3 Be7 6. Nxe4 Nf6 7. Nxf6+ $1 {[%emt 0:00:08][%mdl 4] now scores much better than the old 7.N2g3.} Bxf6 8. Be3 Nc6 9. Qd2 {[%emt 0:00:48] C15: French: 3 Nc3 Bb4: Unusual White 4th moves.} Ne7 {[%emt 0:10:00] [#]} 10. Nf4 $146 ({Predecessor:} 10. Ng3 Nd5 11. Nh5 Nxe3 12. Nxf6+ Qxf6 13. Qxe3 Bd7 14. Bd3 c5 15. dxc5 Qxb2 16. O-O Bc6 {½-½ (40) Heimann,A (2599)-Meier,G (2628) Magdeburg 2021}) 10... Nf5 11. O-O-O {[%emt 0:02:15] The position is equal.} Nxe3 12. fxe3 g6 13. Qf2 O-O 14. h4 c5 15. g4 cxd4 16. exd4 Bg7 17. Bc4 b5 18. Ba2 (18. Bxb5 Rb8 19. Ba4 (19. c4 $2 Qc7 $17) 19... e5 20. dxe5 Qa5 $17) 18... a5 19. g5 (19. h5 $5 ) 19... b4 20. a4 b3 (20... Ra6 $11) 21. Bxb3 $16 {[%emt 0:00:20] Hoping for Kb1.} Rb8 $1 22. Qe3 {[%emt 0:12:47] White is much more active.} (22. d5 $14 e5 23. Ne2) 22... Bd7 (22... Qd6 $11) 23. d5 Rxb3 $4 {[%emt 0:03:37][%mdl 8192] Loses the game.} 24. Qxb3 $18 Qc7 25. d6 $2 (25. Rhf1 $18 {and the rest is easy.} Rb8 26. dxe6 $1 (26. d6 Qc8 $15) 26... Bxb2+ 27. Kb1 (27. Kxb2 fxe6 28. Rde1 Qd6 $11) 27... Rxb3 28. Rxd7 (28. cxb3 Bxa4 29. Kxb2 Qb8 $11) 28... Bg7+ 29. cxb3) 25... Qa7 $16 {[%emt 0:00:06] [#]} 26. Nd3 $1 Rb8 27. Qc4 {[%emt 0:01:12] Rhe1 is the strong threat.} Rc8 (27... Qb7 $16 {is a better defense.}) 28. Qf4 $18 {[%emt 0:03:48] And now Rhf1 would win.} Bd4 (28... e5 $142 29. Qf2 (29. Nxe5 Qc5 $16) 29... Qb7) 29. Kb1 Bxa4 30. b3 {[%emt 0:02:58] Threatens to win with h5.} Qb6 (30... Bd7 {was worth a try.} 31. h5 gxh5) 31. Nb2 Bxb3 32. cxb3 ({Weaker is} 32. Qxd4 Bxc2+ 33. Ka1 Qb3 $16) 32... e5 33. d7 Rd8 34. Qf6 Qc7 35. h5 {[%emt 0:00:40] White wants to mate with hxg6.} gxh5 36. Rxh5 Rxd7 {[%emt 0:00:00] Weighted Error Value: White=0.17 (very precise) /Black=0.64} 1-0

[Event "Czech Championship Women 2022"]
[Site "Jaromerice nad Rokytnou"]
[Date "2022.05.27"]
[Round "7.5"]
[White "Petrova, Kristyna"]
[Black "Lhotska, Anna"]
[Result "0-1"]
[ECO "D45"]
[WhiteElo "2264"]
[BlackElo "2029"]
[Annotator "TA"]
[PlyCount "64"]
[EventDate "2022.05.24"]
[EventType "tourn"]
[EventCountry "CZE"]
[SourceTitle "playchess.com"]
[Source "ChessBase"]
[SourceQuality "1"]
[TimeControl "40/5400+30:1800+30"]

1. c4 c6 2. Nc3 d5 3. e3 Nf6 4. Nf3 e6 5. b3 Bd6 6. Bb2 O-O 7. Be2 b6 8. O-O Bb7 9. Qc2 Nbd7 10. d4 Qe7 11. e4 Nxe4 12. Nxe4 dxe4 13. Qxe4 f5 14. Qc2 {[%emt 0:27:27] D45: Semi-Slav: 5 e3.} c5 15. Rad1 Rad8 {[%emt 0:17:46] [#]} 16. Qc3 $146 (16. d5 $14) ({Predecessor:} 16. Rfe1 cxd4 17. Nxd4 Nc5 18. Bf3 Be4 19. Bxe4 fxe4 20. Nc6 Bxh2+ 21. Kxh2 Qc7+ 22. Ne5 {½-½ (73) Aronyak,G (2436)-Erigaisi,A (2559) Chess.com INT 2020}) 16... cxd4 17. Qxd4 Nc5 {[%emt 0:10:05][%cal Od6h2] [#] Hoping for ...Bxh2+!} 18. Qh4 Qxh4 19. Nxh4 e5 20. Nf3 Rfe8 21. Nxe5 Ne4 (21... Bxe5 $11 22. Rxd8 Rxd8 23. Bxe5 Re8) 22. Nf3 (22. Nd3 $14 {is superior.}) 22... Bc5 $11 23. Rxd8 (23. Nd4 $11 {was preferrable.}) 23... Rxd8 $15 24. h3 (24. Ra1 $11) 24... Ng3 $1 $17 {[%emt 0:04:47] Black is more active.} 25. Re1 {[%emt 0:00:37] [#]} Bb4 $1 26. fxg3 Bxe1 ({Black should play} 26... Bxf3 $17 27. Bxf3 Bxe1 28. Bd5+ Kf8) 27. Nxe1 $11 {[%emt 0:00:42] aiming for Bc1.} Rd2 28. Bd3 $2 Rxb2 $19 29. Bxf5 Rxa2 30. Be6+ Kf8 {[%emt 0:00:05] ...Re2 is the strong threat.} 31. Nf3 Bxf3 32. gxf3 Rb2 {[%emt 0:00:18] Weighted Error Value: White=0.77/Black=0.21 (precise)} 0-1

[Event "Czech Championship Women 2022"]
[Site "Jaromerice nad Rokytnou"]
[Date "2022.05.28"]
[Round "8.1"]
[White "Pilsova, Karolina"]
[Black "Lhotska, Anna"]
[Result "1-0"]
[ECO "B51"]
[WhiteElo "2229"]
[BlackElo "2029"]
[Annotator "TA"]
[PlyCount "59"]
[EventDate "2022.05.24"]
[EventType "tourn"]
[EventCountry "CZE"]
[SourceTitle "playchess.com"]
[Source "ChessBase"]
[SourceQuality "1"]
[TimeControl "40/5400+30:1800+30"]

1. e4 c5 2. Nf3 d6 3. Bb5+ Nd7 4. O-O a6 5. Bd3 Ngf6 6. Re1 {[%emt 0:00:20] B51: Sicilian: Moscow Variation (3 Bb5+) without 3...Bd7.} g6 7. c3 Bg7 8. Bc2 {[%emt 0:00:22] White has an edge.} O-O 9. d4 e5 10. a4 Rb8 {[%emt 0:03:25] [#]} 11. a5 $146 ({Predecessor:} 11. dxe5 Nxe5 12. Nxe5 dxe5 13. Qxd8 Rxd8 14. Be3 b6 15. f3 Be6 16. a5 bxa5 17. Bc1 {½-½ (65) Amin,B (2707)-Artemiev,V (2761) Danzhou 2019}) 11... Qc7 (11... cxd4 $11 12. cxd4 b5) 12. h3 ({White should play} 12. d5 $14) 12... b5 (12... cxd4 $11 13. cxd4 exd4) 13. axb6 $1 $14 Nxb6 14. Nbd2 (14. d5 $14) 14... Nh5 (14... cxd4 $15 15. cxd4 exd4) 15. Nf1 (15. d5 $14) 15... cxd4 $15 16. cxd4 exd4 17. Re2 d5 (17... Re8 $15) 18. e5 $11 Nc4 19. g4 ({Much worse is} 19. Qxd4 Re8 $11) 19... Nxe5 20. Nxe5 Bxe5 21. gxh5 Bxh3 22. Qe1 {[%emt 0:06:41] Hoping for hxg6.} Bd6 23. Bh6 $1 {[%emt 0:01:10] Threatens to win with Qd2.} Qd7 24. f3 $1 $36 {[%emt 0:05:49][%mdl 2048] Black must now prevent Qh4. White is really pushing. Really sharp!} ({Not} 24. Rxa6 $2 Qg4+ 25. Ng3 Qf3 $1 $19) 24... Rfc8 $2 (24... Rfe8 $16 {is a better chance.}) 25. Bd3 $2 (25. Qh4 $1 $18 {[%cal Rh4f6] and the rest is easy. Intending Qf6 and mate.} Rb6 26. Ba4) 25... Kh8 $2 {[%emt 0:03:11][%mdl 8192] Black cannot hold the game after this.} (25... Rb3 $2 {[#]} 26. Rxa6 $1 Rxd3 27. Rxd6 $1 $18 ) (25... Bf5 $16 26. Bxa6 Re8) 26. Qh4 $18 Bf8 27. Qf6+ {[%emt 0:00:54] White mates.} Kg8 28. Bxf8 Rxf8 29. h6 Rfe8 30. Qg7# {[%emt 0:00:08] Weighted Error Value: White=0.45/Black=0.79} 1-0

[Event "Czech Championship Women 2022"]
[Site "Jaromerice nad Rokytnou"]
[Date "2022.05.28"]
[Round "8.2"]
[White "Sikorova, Olga"]
[Black "Petrova, Kristyna"]
[Result "1-0"]
[ECO "B13"]
[WhiteElo "2173"]
[BlackElo "2264"]
[Annotator "TA"]
[PlyCount "139"]
[EventDate "2022.05.24"]
[EventType "tourn"]
[EventCountry "CZE"]
[SourceTitle "playchess.com"]
[Source "ChessBase"]
[SourceQuality "1"]
[TimeControl "40/5400+30:1800+30"]

1. Nf3 c5 2. c4 Nc6 3. Nc3 g6 4. e3 Nf6 5. d4 cxd4 6. exd4 d5 7. Bg5 Be6 8. Bxf6 exf6 9. c5 Bg7 {[%emt 0:00:26] B13: Caro-Kann: Exchange Variation and Panov-Botvinnik Attack.} 10. Bb5 O-O (10... Bg4 {is more complex.} 11. h3 Bxf3 12. Qxf3 O-O) 11. Bxc6 (11. h3 $1 $11) 11... bxc6 $15 {[%emt 0:00:03] Black is slightly better.} 12. O-O Bg4 13. h3 Bxf3 14. Qxf3 Rb8 15. b3 f5 16. Rfd1 Qh4 (16... Rb4 $5 17. Ne2 Re8 $17) 17. Ne2 Rfe8 {[%emt 0:01:21] [#]} 18. Rd3 $146 ({Predecessor:} 18. Kf1 Re4 19. Qg3 Qd8 20. f3 Re3 21. Rab1 a5 22. Rb2 Rb7 23. Nc1 a4 24. Qf2 {½-½ (47) Romanov,E (2626)-Volkov,S (2645) St Petersburg 2017}) 18... Re4 19. Rad1 Rbe8 20. R3d2 h5 21. b4 Qe7 ({Better is} 21... Bh6 $17 22. Rb2 Qe7) 22. Nc3 $1 $11 Re1+ 23. Kh2 h4 24. Rxe1 Qxe1 25. Rd1 Qe6 26. b5 cxb5 27. Qxd5 b4 28. Qxe6 fxe6 {[%emt 0:00:01][%mdl 4096] Endgame KRB-KRN} 29. Nb5 a5 $2 {[%emt 0:02:55] [#] This costs Black the game.} (29... Rb8 $11 30. Nxa7 Ra8) 30. c6 $1 $18 {[%emt 0:05:28][%cal Bc5c6,Bc6c7][%mdl 32] And now Re1 would win.} Rc8 31. c7 a4 32. g3 hxg3+ 33. fxg3 ({Don't play} 33. Kxg3 $6 Kf8 34. Rb1 b3 35. axb3 axb3 36. Rxb3 Ke7) 33... b3 {[%emt 0:00:25] [#]} 34. axb3 axb3 35. Rb1 Bxd4 (35... Kf8 {is a better defense.} 36. Rxb3 Ke7) 36. Nxd4 Rxc7 37. Rxb3 {[%emt 0:01:29] KRN-KR} e5 38. Nf3 Rc2+ 39. Kg1 e4 (39... Rc1+ 40. Kf2 Rc2+ 41. Ke1 (41. Ke3 Rg2 $16) 41... e4) 40. Nh4 Rc6 41. Rb7 Rf6 42. Rb5 Kg7 43. Ng2 Kh6 44. h4 {[%emt 0:00:00] Kh2 is the strong threat.} Ra6 45. Kh2 {[%emt 0:00:00] Black must now prevent Kh3.} Rc6 (45... Rd6 $142 46. g4 fxg4) 46. Kh3 Ra6 47. Nf4 {[%emt 0:00:00] Hoping for Re5.} Rf6 $2 (47... Kg7 48. h5 g5) 48. Re5 Ra6 49. Re6 Rxe6 50. Nxe6 {[%emt 0:00:00] KN-K3P} Kh5 51. Nd4 Kh6 52. g4 fxg4+ 53. Kxg4 {[%emt 0:00:00] KN-KPP} e3 {[%emt 0:00:04] White mates.} 54. Ne2 Kg7 55. Kg5 Kh7 56. Ng3 Kg7 57. Kf4 Kh6 58. Kxe3 {[%emt 0:00:01] KN-KP} g5 59. h5 Kg7 60. Ke4 Kf6 61. Kf3 Kg7 62. Kg4 Kh6 63. Ne4 Kg7 64. Nd6 Kh6 65. Nf5+ Kh7 66. Kxg5 Kh8 67. Kg6 Kg8 68. Nd6 Kh8 69. h6 Kg8 70. h7+ {[%emt 0:00:07] Weighted Error Value: White=0.10 (very precise) /Black=0.38} 1-0